 Dungeon Crawl Stone Soup version 0.31-a0-1002-g8e65716e6e (webtiles) character file.

Game seed: 828898709229747216

21 Arezz the Vexing (level 2, -1/19 HPs)
             Began as a Vampire Enchanter on Nov 9, 2023.
             Slain by a kobold
             ... wielding a +0 short sword
              (4 damage)
             ... on level 1 of the Dungeon.
             The game lasted 00:02:47 (255 turns).

Arezz the Vexing (Vampire Enchanter)                 Turns: 255, Time: 00:02:48

Health: -1/19      AC:  2    Str:  7    XL:     2   Next: 62%
Magic:  5/5        EV: 12    Int: 17    God:
Gold:   0          SH:  0    Dex: 14    Spells: 5/5 levels left

rFire   . . .        a - +1 dagger
rCold   . . .        (no shield)
rNeg    . . .        b - +0 robe
rPois   .            (no helmet)
rElec   .            (no cloak)
rCorr   .            (no gloves)
SInv    +            (no boots)
Will    .....        (no amulet)
Stlth   +++          (no ring)
HPRegen 0.43/turn    (no ring)
MPRegen 0.09/turn

%: no passive effects
@: healing quickly
A: alive, fangs 3, see invisible, vampiric 1
a: Exsanguinate


You were on level 1 of the Dungeon.
You visited 1 branch of the dungeon, and saw 1 of its levels.

Inventory:

Hand Weapons
 a - a +1 dagger (weapon)
Armour
 b - a +0 robe (worn)
Potions
 c - 2 potions of invisibility
 d - 2 potions of curing {unknown}
 e - a potion of heal wounds {unknown}


   Skills:
 + Level 1.2 Short Blades
 + Level 2.5 Dodging
 + Level 5.0 Stealth
 + Level 2.0 Spellcasting
 + Level 5.0 Hexes


You had 5 spell levels left.
You didn't know any spells.
Your spell library contained the following spells:

 Spells                   Type           Power      Damage    Failure   Level
 Confusing Touch          Hex            18%        N/A       8%          3
 Tukima's Dance           Hex            18%        N/A       8%          3
 Ensorcelled Hibernation  Hex/Ice        20%        N/A       11%         2
 Dazzling Flash           Conj/Hex       20%        N/A       21%         3


Dungeon Overview and Level Annotations

Branches:
Dungeon (1/15)

Altars:


Innate Abilities, Weirdness & Mutations

Your natural rate of healing is accelerated.
You have razor-sharp teeth.
You have supernaturally acute eyesight. (SInv)
You are afflicted with vampirism.


Message History

The jackal is heavily wounded.
The jackal barely misses you.
You barely miss the jackal.
The jackal is heavily wounded.
The jackal barely misses you.
You barely miss the jackal. You bite the jackal, but do no damage.
The jackal is heavily wounded.
The jackal closely misses you. The jackal bites you.
You hit the jackal.
The jackal is severely wounded.
The jackal barely misses you.
You hit the jackal.
You kill the jackal!
You hit the endoplasm.
The endoplasm is heavily wounded.
The endoplasm hits you.
You hit the endoplasm.
The endoplasm is severely wounded.
The endoplasm misses you.
You hit the endoplasm.
The endoplasm is almost dead.
The endoplasm freezes you.
You are frozen.
* * * LOW HITPOINT WARNING * * *
You hit the endoplasm.
You kill the endoplasm!
Your Stealth skill increases to level 5!
You hit the jackal.
The jackal is severely wounded.
The jackal bites you.
* * * LOW HITPOINT WARNING * * *
You hit the jackal.
You kill the jackal!
The kobold hits you with a +0 short sword.
* * * LOW HITPOINT WARNING * * *
Things that are here:
a jackal corpse; a jackal corpse You hit the kobold but do no damage.
The kobold hits you with a +0 short sword.
You die...

....#####.#.# #.#...#.#.
.#........#.# #.#...#.#.
........###.+ #...<.#.#.
........# #.# #.#...#.#.
........# #.# #.#...#.#.
........###.# #.#####.#.
..........# #.......#.
......†.#...# ####.####.
..#####@###.#...........
.. #K### ############
..#####wJ.# ........:.#
.......=........
..........#####.
..........# ..........#
#.........#


You could see a dart slug, an endoplasm and a kobold.

Vanquished Creatures
  6 endoplasms (D:1)
  A hobgoblin (D:1)
  4 jackals (D:1)
  2 kobolds (D:1)
  A ball python (D:1)
  2 bats (D:1)
  A rat (D:1)
17 creatures vanquished.

Notes
Turn   | Place    | Note
-------+----------+-------------------------------------------
     0 | D:1      | Arezz the Vampire Enchanter began the quest for the Orb.
     0 | D:1      | Reached XP level 1. HP: 13/13 MP: 3/3
   126 | D:1      | Reached XP level 2. HP: 19/19 MP: 5/5
   195 | D:1      | Reached skill level 5 in Hexes
   252 | D:1      | Reached skill level 5 in Stealth
   255 | D:1      | Slain by a kobold

Illustrated notes

Levels and vault maps discovered:
D:1:      matt_arrival_refuge, layout_basic, minmay_misc_feat_tower,
          minmay_tree_intersection

Skill      XL: |  1  2 |
---------------+-------+-----
Hexes          | 5 |  5.0
Stealth        | 5 |  5.0
Short Blades   | |  1.2
Dodging        | |  2.5
Spellcasting   | |  2.0

Action                     || total
---------------------------++-------
  Melee: Dagger            ||    60
         Bite              ||     8
    Use: Scroll            ||     1
   Stab: Sleeping          ||     4
 Armour: Robe              ||    43
  Dodge: Dodged            ||    46

Table legend: (Time is in decaauts)
 A = Elapsed time spent in this place.
 B = Non-inter-level travel time spent in this place.
 C = Inter-level travel time spent in this place.
 D = Time resting spent in this place.
 E = Time spent auto-exploring this place.
 F = Levels seen in this place.
 G = Mean time per level.
                   A        B        C        D        E       F      G
               +--------+--------+--------+--------+--------+-----+--------+
         Total |    251 |    251 |      0 |      7 |    115 |   1 |  251.0 |
       Dungeon |    251 |    251 |      0 |      7 |    115 |   1 |  251.0 |
               +--------+--------+--------+--------+--------+-----+--------+

Top non-repeatable levels by time:
     D:1: 251 daAuts
